 Dungeon Crawl Stone Soup version 0.29-a0-284-gf9362112df (webtiles) character file.

Game seed: 7499137192904625710

31 sammy202020 the Skirmisher (level 3, 0/24 HPs)
             Began as a Gargoyle Berserker on Mar 16, 2022.
             Was a Believer of Trog.
             Slain by a goblin
             ... wielding a +0 dagger
             ... led by Robin
              (1 damage)
             ... on level 2 of the Dungeon.
             The game lasted 00:01:27 (1452 turns).

sammy202020 the Skirmisher (Gargoyle Berserker)     Turns: 1452, Time: 00:01:27

Health: 0/24       AC:  5    Str: 20    XL:     3   Next: 22%
Magic:  3/3        EV: 12    Int:  9    God:    Trog [**....]
Gold:   31         SH:  0    Dex:  9    Spells: 2/2 levels left

rFire   . . .      SeeInvis .   a - +0 mace
rCold   . . .      Faith    .   (no shield)
rNeg    + . .      Spirit   .   b - +0 animal skin
rPois   ∞          Reflect  .   (no helmet)
rElec   +          Harm     .   (no cloak)
rCorr   .          Rampage  .   (no gloves)
Will    .....                   (no boots)
Stlth   +.........              (no amulet)
HPRegen 0.08/turn               (no ring)
MPRegen 0.08/turn               (no ring)

@: no status effects
A: sickness immunity, AC +3, negative energy resistance 1, electricity
resistance, torment resistance 1, petrification resistance
a: Renounce Religion, Berserk, Trog's Hand


You were on level 2 of the Dungeon.
You worshipped Trog.
Trog was pleased with you.
You visited 1 branch of the dungeon, and saw 2 of its levels.

You collected 31 gold pieces.

Inventory:

Hand Weapons
 a - a +0 mace (weapon)
Missiles
 c - 7 poisoned darts (quivered)
Armour
 b - a +0 animal skin (worn)
Scrolls
 d - 2 scrolls of identify
 g - a scroll of enchant armour {unknown}
Potions
 e - 2 potions of curing
 f - a potion of magic {unknown}


   Skills:
 * Level 3.7 Fighting
 * Level 3.4 Maces & Flails
 * Level 2.8 Armour
 + Level 1.7 Dodging


You had 2 spell levels left.
You didn't know any spells.
Your spell library was empty.

Dungeon Overview and Level Annotations

Branches:
Dungeon (2/15)

Altars:

Shops:
D:2 *

Annotations:
D:2 Robin


Innate Abilities, Weirdness & Mutations

You are immune to sickness and miasma.
Your stone body is resilient. (AC +3)
You are immune to poison.
You resist negative energy. (rN+)
You are resistant to electric shocks. (rElec)
You are resistant to unholy torment.
You are immune to petrification.


Message History

You sock the goblin!
You kill the goblin!
Trog accepts your kill.
You barely miss the goblin. The goblin barely misses you.
Robin of the Strong Arm comes into view.
They are wielding a +0 spear.
You barely miss the goblin. The goblin hits you but does no damage.
Robin shouts!
You hit the hobgoblin.
You kill the hobgoblin!
Trog accepts your kill.
A goblin comes into view. It is wielding a +0 club.
Robin throws the goblin at you! The goblin hits you but does no damage.
A hobgoblin comes into view.
The goblin hits you but does no damage.
Robin roars a battlecry!
The goblins go into a battle-frenzy!
The goblin hits you with a +0 dagger. The goblin closely misses you.
The goblin hits you with a +0 dagger.
A hobgoblin comes into view.
The hobgoblin hits you. The goblin hits you with a +0 dagger.
Things that are here:
a +0 club; a goblin corpse The goblin attacks as you move away!
The goblin hits you with a +0 dagger.
* * * LOW HITPOINT WARNING * * *
A hobgoblin comes into view.
The hobgoblin misses you. The goblin hits you with a +0 dagger.
* * * LOW HITPOINT WARNING * * *
The goblin barely misses you.
You sock the hobgoblin!
You kill the hobgoblin!
Trog accepts your kill.
You can now call upon Trog for regeneration and willpower.
The goblin hits you but does no damage. The hobgoblin barely misses you.
The goblin hits you but does no damage.
A goblin comes into view. It is wielding a +0 club.
Robin says, "Kneel, worm!"
Robin hits you from afar with a +0 spear.
* * * LOW HITPOINT WARNING * * *
The goblin hits you with a +0 dagger.
You die...

.. .. .# #.##.###.#
#........#
#..#...#.#
#...#.#..# #######
#....∩...# ......#
#...#.#..# # ......#
#..#..g#.#gg#
......#
#....gg@.gg.#
......#
#.#...gg###.#
......####.#.....#
...........#.#...#
......######.#...###
......# #.#.....
......# #.#.#.###
......# #...<.#
......# ###.###


You could see Robin, 3 hobgoblins and 5 goblins.

Vanquished Creatures
  5 endoplasms (D:1)
  5 goblins
  6 hobgoblins
  2 jackals (D:1)
  4 ball pythons (D:1)
  A frilled lizard (D:1)
  2 kobolds (D:1)
  4 rats
29 creatures vanquished.

Notes
Turn   | Place    | Note
-------+----------+-------------------------------------------
     0 | D:1      | sammy202020 the Gargoyle Berserker began the quest for the
                  | Orb.
     0 | D:1      | Reached XP level 1. HP: 14/14 MP: 1/1
   175 | D:1      | Reached XP level 2. HP: 12/19 MP: 2/2
   921 | D:1      | Reached XP level 3. HP: 23/23 MP: 3/3
  1421 | D:2      | Found a faded altar of an unknown god.
  1441 | D:2      | Found Xiyschekh's Assorted Antiques.
  1447 | D:2      | Noticed Robin
  1452 | D:2      | Reached ** piety under Trog
  1452 | D:2      | HP: 1/24 [Robin/+0 spear (4)]
  1452 | D:2      | Slain by a goblin

Illustrated notes

Levels and vault maps discovered:
D:1:      shiori_arrival_maze, layout_loops_ring
D:2:      layout_basic, serial_shops, shop, shop, nicolae_shop_advertising_works
          [nicolae_subvault_shop_adworks], basic_altar,
          ebering_ecumenical_altar_sacrificial, moated_statue,
          kennysheep_path_1, minmay_increasing_density, uniq_robin

Action                   || total
-------------------------++-------
Melee: Mace              ||    70
Invok: Berserk           ||     1
  Use: Scroll            ||     3
 Stab: Sleeping          ||     1
Armor: Animal skin       ||    25
Dodge: Dodged            ||    62

Table legend: (Time is in decaauts)
 A = Elapsed time spent in this place.
 B = Non-inter-level travel time spent in this place.
 C = Inter-level travel time spent in this place.
 D = Time resting spent in this place.
 E = Time spent auto-exploring this place.
 F = Levels seen in this place.
 G = Mean time per level.
                   A        B        C        D        E       F      G
               +--------+--------+--------+--------+--------+-----+--------+
         Total |   1473 |   1473 |      0 |      0 |   1257 |   2 |  736.5 |
       Dungeon |   1473 |   1473 |      0 |      0 |   1257 |   2 |  736.5 |
               +--------+--------+--------+--------+--------+-----+--------+

Top non-repeatable levels by time:
     D:1: 1428 daAuts
     D:2: 45 daAuts
